 Dungeon Crawl Stone Soup version 0.18.1-48-g4cf74bf (webtiles) character file.

184 Inkary the Chopper (level 5, -3/47 HPs)
             Began as a Hill Orc Fighter on Aug 27, 2016.
             Was an Initiate of Beogh.
             Slain by Pikel
             ... wielding a +0 whip of freezing
              (5 damage)
             ... on level 4 of the Dungeon.
             The game lasted 00:08:18 (2453 turns).

Inkary the Chopper (Hill Orc Fighter)               Turns: 2453, Time: 00:08:20

Health: -3/47      AC:  9    Str: 19    XL:     5   Next: 63%
Magic:  5/5        EV:  7    Int:  8    God:    Beogh [......]
Gold:   173        SH:  9    Dex: 11    Spells: 0 memorised, 4 levels left

rFire  + . .     SeeInvis .     a - +0 war axe
rCold  . . .     Gourm    .     d - +1 scale mail {MR+}
rNeg   . . .     Faith    .     c - +0 shield
rPois  .         Spirit   .     (helmet restricted)
rElec  .         Dismiss  .     (no cloak)
rCorr  .         Reflect  .     A - +0 pair of gloves
SustAt .         Harm     .     (no boots)
MR     +....                    (no amulet)
Stlth  ..........               (no ring)
                                (no ring)

@: somewhat resistant to hostile enchantments, extremely unstealthy
A: horns 1, fire resistance 1, screaming 1
a: Renounce Religion


You were on level 4 of the Dungeon.
You worshipped Beogh.
Beogh was noncommittal.
You were hungry.

You visited 1 branch of the dungeon, and saw 4 of its levels.

You collected 173 gold pieces.

Inventory:

Hand Weapons
 a - a +0 war axe (weapon)
Armour
 c - a +0 shield (worn)
 d - a +1 scale mail of magic resistance (worn)
 v - a +0 helmet
 A - a +0 pair of gloves (worn)
Wands
 b - a wand of paralysis (18/24)
 w - a wand of flame (14/48)
Scrolls
 e - a scroll of enchant armour {unknown}
 h - 2 scrolls of remove curse {unknown}
 j - a scroll of teleportation {unknown}
 p - 2 scrolls of immolation {unknown}
 r - 2 scrolls of noise {unknown}
 s - 4 scrolls of magic mapping {unknown}
 t - 2 scrolls of fear {unknown}
 u - a scroll of fog {unknown}
 x - 2 scrolls of identify {unknown}
 y - a scroll of random uselessness {unknown}
Potions
 k - a potion of brilliance {unknown}
 l - a potion of lignification {unknown}
 o - a potion of flight {unknown}
 q - a potion of degeneration {unknown}
 B - a potion of curing {unknown}
Comestibles
 f - 4 bread rations
 i - 6 fruits
 m - 4 meat rations
 n - 3 beef jerkies
 z - a slice of pizza


   Skills:
 + Level 4.4 Fighting
 + Level 4.7 Axes
 + Level 4.4 Armour
 + Level 4.3 Shields


You had 4 spell levels left.
You didn't know any spells.

Dungeon Overview and Level Annotations

Branches:
Dungeon (4/15)
 Temple: D:4-7

Altars:
Ashenzari
Cheibriados
Gozag
Trog

Annotations:
D:4 Pikel


Innate Abilities, Weirdness & Mutations

You have a pair of small horns on your head.
Your flesh is heat resistant.
You occasionally shout uncontrollably at your foes.


Message History

You hit Pikel.
Pikel is moderately wounded.
Pikel hits you with a whip of freezing.
* * * LOW HITPOINT WARNING * * *
Pikel freezes you.
* * * LOW HITPOINT WARNING * * *
You closely miss Pikel.
Pikel is moderately wounded.
Pikel hits you with a whip of freezing.
* * * LOW HITPOINT WARNING * * *
Pikel freezes you.
* * * LOW HITPOINT WARNING * * *
You hit Pikel but do no damage.
Pikel is moderately wounded.
Pikel hits you with a whip of freezing.
* * * LOW HITPOINT WARNING * * *
Pikel freezes you.
* * * LOW HITPOINT WARNING * * *
Pikel hits you with a whip of freezing.
You die...

#..<.######........≈≈w≈≈#
#..#......#.....$..≈≈≈≈≈#
....#######.........#.≈≈≈.#
#..## #.##..######...#####
.. ##[###............... .
##..####..#...........
......(pp.p....##......
....###K#.#....# #####.
<##### #@#.#....# ..
#....#.###### #..####.# #.
#.. .. ### .. .


You could see Pikel and 2 slaves.

Vanquished Creatures
  An orc priest (D:3)
  Robin (D:2)
  5 adders
  3 oozes
  3 worms
  A giant gecko (D:2)
  10 orcs (D:3)
  A ball python (D:3)
  8 bats
  A giant cockroach (D:1)
  8 hobgoblins
  3 giant newts
  11 goblins
  6 kobolds
  8 rats
70 creatures vanquished.

Vanquished Creatures (others)
  An ooze (D:3)
  4 orcs (D:3)
  2 goblins (D:3)
7 creatures vanquished.

Grand Total: 77 creatures vanquished

Notes
Turn   | Place    | Note
--------------------------------------------------------------
     0 | D:1      | Inkary the Hill Orc Fighter began the quest for the Orb.
     0 | D:1      | Reached XP level 1. HP: 19/19 MP: 1/1
   250 | D:1      | Reached XP level 2. HP: 19/27 MP: 2/2
   575 | D:2      | Reached XP level 3. HP: 33/33 MP: 3/3
   720 | D:2      | Found a faded altar to an unknown god.
   782 | D:2      | Noticed Robin
   792 | D:2      | Killed Robin
   792 | D:2      | Reached XP level 4. HP: 31/40 MP: 4/4
   841 | D:2      | Found a shattered altar of Ashenzari.
  1257 | D:2      | Found a bloodstained altar of Trog.
  1404 | D:3      | Found an opulent altar of Gozag.
  1457 | D:3      | Became a worshipper of Beogh the Brigand
  1677 | D:3      | Reached XP level 5. HP: 42/46 MP: 5/5
  2422 | D:4      | Noticed a slave
  2423 | D:4      | Noticed a slave
  2423 | D:4      | Found a snail-covered altar of Cheibriados.
  2425 | D:4      | Noticed a slave
  2426 | D:4      | Noticed Pikel
  2427 | D:4      | Noticed a slave
  2447 | D:4      | Gained mutation: You have a pair of small horns on your head. [potion of mutation]
  2447 | D:4      | Gained mutation: You occasionally shout uncontrollably at your foes. [potion of mutation]
  2447 | D:4      | Gained mutation: Your flesh is heat resistant. [potion of mutation]
  2453 | D:4      | HP: 2/47 [Pikel/whip of freezing (2)]
  2453 | D:4      | Slain by Pikel

Skill      XL: |  1  2  3  4 |
---------------+-------------+-----
Axes           | 3 4 |  4.7
Shields        | 4 |  4.3
Fighting       | 4 |  4.4
Armour         | 4 |  4.4

Action                   |  1- 3 |  4- 6 || total
-------------------------+-------+-------++-------
Melee: War axe           |    78 |   184 ||   262
       Headbutt          |       |     1 ||     1
Invok: Convert to Beogh  |       |     1 ||     1
  Use: Potion            |       |     2 ||     2
  Eat: Chunk             |       |     5 ||     5
Armor: Scale mail        |    25 |    99 ||   124
Dodge: Dodged            |    18 |    65 ||    83
Block: Shield            |    34 |    83 ||   117
